 Dungeon Crawl Stone Soup version 0.17-a0-1719-g1afd5a1 (webtiles) character file.

41 Redz the Caller (level 3, 0/20 HPs)
             Began as a Kobold Summoner on Aug 27, 2015.
             Slain by a goblin
             ... wielding a +0 club
             ... led by Robin
              (2 damage)
             ... on level 2 of the Dungeon.
             The game lasted 00:04:06 (1633 turns).

Redz the Caller (Kobold Summoner)                   Turns: 1633, Time: 00:04:06

Health: 0/20       AC:  2    Str:  6    XL:     3   Next: 75%
Magic:  2/6        EV: 15    Int: 14    God:
Gold:   150        SH:  0    Dex: 16    Spells: 2 memorised, 3 levels left

rFire  . . .     SeeInvis .     o - +0 dagger
rCold  . . .     Clarity  .     p - +0 robe (curse)
rNeg   . . .     SustAt   .     (shield restricted)
rPois  .         Gourm    .     (no helmet)
rElec  .         Spirit   .     (no cloak)
rCorr  .         Warding  .     (no gloves)
rMut   .         Stasis   .     (no boots)
MR     .....                    (no amulet)
Stlth  +++.......               (no ring)
                                (no ring)

@: not resistant to hostile enchantments, fairly stealthy
A: carnivore 3
a: no special abilities


You were on level 2 of the Dungeon.
You were hungry.

You visited 1 branch of the dungeon, and saw 2 of its levels.

You collected 150 gold pieces.

Inventory:

Hand weapons
 o - a +0 dagger (weapon)
Armour
 a - a +0 robe
 p - a cursed +0 robe (worn)
Scrolls
 d - a scroll of recharging {unknown}
 f - a scroll of identify {unknown}
 h - a scroll of fog {unknown}
 k - a scroll of random uselessness {unknown}
 l - 3 scrolls of remove curse {unknown}
Potions
 e - 2 potions of lignification {unknown}
 g - a potion of resistance {unknown}
 i - a potion of magic {unknown}
 m - 3 potions of flight {unknown}
 n - a potion of invisibility {unknown}
Books
 b - a book of Callings

   Spells                             Type                      Level
   a - Summon Small Mammal            Summoning                    1
   b - Call Imp                       Summoning                    2
   c - Call Canine Familiar           Summoning                    3
   d - Summon Guardian Golem          Hexes/Summoning              3
   e - Summon Lightning Spire         Summoning/Air                4
   f - Summon Ice Beast               Ice/Summoning                4
Comestibles
 c - a meat ration
 j - a slice of pizza


   Skills:
 + Level 1.3 Fighting
 + Level 2.8 Dodging
 + Level 3.3 Stealth
 + Level 2.2 Spellcasting
 + Level 4.3 Summonings


You had 3 spell levels left.
You knew the following spells:

 Your Spells              Type           Power        Failure   Level  Hunger
a - Call Imp              Summ           ##......     10%         2    ###....
b - Summon Small Mammal   Summ           ##..         4%          1    #......


Dungeon Overview and Level Annotations

Branches:
Dungeon (2/15)

Altars:
Xom

Annotations:
D:2 Robin


Innate Abilities, Weirdness & Mutations

You are small and have problems with some larger weapons.
You are carnivorous and can eat meat at any time.


Message History

Your shadow imp hits Robin but does no damage.
A goblin comes into view. It is wielding a club.
You closely miss the hobgoblin.
The hobgoblin is almost dead.
Robin hits you but does no damage. The hobgoblin barely misses you.
The goblin moves out of view.
Your crimson imp blinks!
Your shadow imp hits Robin but does no damage.
You hit the hobgoblin.
You kill the hobgoblin!
Robin says, "My goblins will feast on your bones."
Robin closely misses you.
Your white imp barely misses the goblin.
Your shadow imp closely misses the goblin.
A goblin comes into view. It is wielding a club.
You completely miss the goblin.
The goblin moves out of view.
Robin hits you from afar with an enchanted trident.
* * * LOW HITPOINT WARNING * * *
The goblin hits you with a club.
You die...

#.###%......# #.##.^^^....
..........#.# ###.##........
#........gg.### #...##.......#
..##......#.).####.###..##...##
# ##...†##.#)..#..#...#######
#....##.##†)5....#..##
####....g..g#..##....#
#....###g5).......#
#.##..g@5..###....#
..##.#########...## ### #.#
#.....### .. #. ##.#####
..##.#.####..# .......<##..##
##.##.......# #........#
##...###.#


You could see Robin, 2 goblins, a friendly crimson imp, a friendly white imp and
a friendly shadow imp.

Vanquished Creatures
  2 adders (D:2)
  3 bats
  2 giant cockroaches
  2 hobgoblins
  A giant newt (D:1)
  A kobold (D:1)
  2 rats (D:1)
13 creatures vanquished.

Vanquished Creatures (collateral kills)
  A giant cockroach (D:1)
  A hobgoblin (D:2)
  2 kobolds (D:1)
  A ball python (D:1)
  A giant newt (D:1)
  8 goblins (D:2)
  A rat (D:1)
15 creatures vanquished.

Grand Total: 28 creatures vanquished

Notes
Turn   | Place    | Note
--------------------------------------------------------------
     0 | D:1      | Redz the Kobold Summoner began the quest for the Orb.
     0 | D:1      | Reached XP level 1. HP: 10/10 MP: 3/3
   842 | D:1      | Reached XP level 2. HP: 7/16 MP: 5/5
   952 | D:1      | Learned a level 2 spell: Call Imp
  1508 | D:2      | Reached skill level 1 in Fighting
  1508 | D:2      | Reached XP level 3. HP: 20/20 MP: 6/6
  1537 | D:2      | Found a shimmering altar of Xom.
  1602 | D:2      | Noticed Robin
  1633 | D:2      | Slain by a goblin

Vault maps used:
D:1:      roderic_crossed_star, minmay_misc_feat_four_crosses,
          minmay_misc_feat_alley
D:2:      xom_teletrap_fun, nicolae_overflow_crystal_walls,
          hangedman_decor_opposing, corexii_item_surrounded_by_moat,
          nicolae_qazlal_style_of_elements, uniq_robin, uniq_sigmund

Action                   || total
-------------------------++-------
Melee: Unarmed           ||    53
       Dagger            ||    20
 Cast: Summon Small Mamm ||     8
       Call Imp          ||     6
 Stab: Sleeping          ||     6
  Eat: Chunk             ||     2
